 Dungeon Crawl Stone Soup version 0.23-b1-84-g6588a6b (webtiles) character file.

Game seed: 7542561027055192756

308 rednit the Chopper (level 6, -3/55 HPs)
             Began as a Minotaur Berserker on Feb 10, 2019.
             Was a Believer of Trog.
             Killed by nerve-wracking pain
             ... invoked by an orc priest
              (5 damage)
             ... on level 4 of the Dungeon.
             The game lasted 00:10:28 (2681 turns).

rednit the Chopper (Minotaur Berserker)             Turns: 2681, Time: 00:10:30

Health: -3/55      AC:  7    Str: 23    XL:     6   Next: 17%
Magic:  5/5        EV: 11    Int:  4    God:    Trog [**....]
Gold:   134        SH:  0    Dex: 10    Spells: 5/5 levels left

rFire    . . .     SeeInvis .   b - +0 war axe
rCold    . . .     Gourm    .   (no shield)
rNeg     . . .     Faith    .   u - +0 scale mail (curse)
rPois    .         Spirit   .   (helmet restricted)
rElec    .         Reflect  .   (no cloak)
rCorr    .         Harm     .   (no gloves)
MR       .....                  (no boots)
Stlth    ..........             x - amulet of the acrobat
HPRegen  0.18/turn              (no ring)
MPRegen  0.09/turn              (no ring)

@: lethally poisoned (-3 -> -4)
A: retaliatory headbutt, horns 2
a: Berserk, Trog's Hand, Renounce Religion


You were on level 4 of the Dungeon.
You worshipped Trog.
Trog was pleased with you.
You were not hungry.

You visited 1 branch of the dungeon, and saw 4 of its levels.

You collected 134 gold pieces.

Inventory:

Hand Weapons
 b - a +0 war axe (weapon)
Armour
 j - a +1 ring mail
 u - a cursed +0 scale mail (worn)
Jewellery
 p - an uncursed ring of see invisible
 x - an amulet of the acrobat (around neck)
 y - an uncursed ring of magical power
Wands
 t - a wand of acid (11)
Scrolls
 a - a scroll of enchant armour
 e - 2 scrolls of identify
 h - 2 scrolls of enchant weapon
 i - a scroll of fear
 m - 3 scrolls of teleportation
Potions
 d - a potion of invisibility {unknown}
 f - 2 potions of agility {unknown}
 g - 2 potions of curing {unknown}
 k - a potion of might {unknown}
 l - 2 potions of brilliance {unknown}
 n - a potion of lignification {unknown}
 o - 2 potions of mutation {unknown}
 q - a potion of haste {unknown}
 r - a potion of heal wounds {unknown}
 w - a potion of flight {unknown}
Comestibles
 c - 9 rations
 v - 5 chunks of flesh


   Skills:
 + Level 4.8 Fighting
 * Level 5.8 Axes
 * Level 4.6 Armour
 + Level 3.5 Dodging


You had 5 spell levels left.
You didn't know any spells.
Your spell library was empty.

Dungeon Overview and Level Annotations

Branches:
Dungeon (4/15)
 Temple: D:4-7

Altars:
Uskayaw
Vehumet

Shops:
D:4 %


Innate Abilities, Weirdness & Mutations

You reflexively headbutt those who attack you in melee.
You have a pair of horns on your head.


Message History

You closely miss the orc priest. You hit the orc priest.
You kill the orc priest!
Trog accepts your kill.
You barely miss the orc.
You feel sick.
The orc priest mumbles some strange prayers to Beogh against you.
You resist with almost no effort. The orc hits you but does no damage.
You hit the orc priest but do no damage.
You slash the orc!
You kill the orc!
Trog accepts your kill.
Your skin stops crawling.
You feel less resistant to hostile enchantments.
The orc priest barely misses you.
You slash the orc priest! Your headbutt misses the orc priest.
The orc priest is heavily wounded.
* * * LOW HITPOINT WARNING * * *
You feel sick.
The orc priest calls down the wrath of Beogh upon you.
Pain shoots through your body!
You die...

#.......#.....##.#
#.......#.....##.##
#..>...............
#.......#(....##.##
#.......#####.##.#
######.##### #....#
#.....[# ####..
#......+ ....
#..∩)@.# #.##
#...)o)# ...
#......# #......#
#......# #......#
#......# #.....)#


You could see an orc priest.

Vanquished Creatures
  An ogre (D:4)
  2 orc priests (D:4)
  A worker ant (D:4)
  4 gnolls (D:3)
  3 adders
  An ooze (D:3)
  A dart slug (D:2)
  2 worms
  3 leopard geckos (D:4)
  4 orcs
  3 giant cockroaches
  A goblin (D:2)
  8 hobgoblins
  3 jackals (D:4)
  11 bats
  4 frilled lizards
  9 kobolds
  7 rats
68 creatures vanquished.

Notes
Turn   | Place    | Note
-------+----------+-------------------------------------------
     0 | D:1      | rednit the Minotaur Berserker began the quest for the Orb.
     0 | D:1      | Reached XP level 1. HP: 19/19 MP: 0/0
   120 | D:1      | Reached XP level 2. HP: 27/27 MP: 1/1
   258 | D:1      | Reached skill level 4 in Axes
   803 | D:2      | Reached ** piety under Trog
   803 | D:2      | Reached XP level 3. HP: 30/33 MP: 2/2
   902 | D:2      | Found a hide-covered altar of Uskayaw.
  1405 | D:3      | Reached XP level 4. HP: 40/40 MP: 3/3
  1732 | D:3      | Found a radiant altar of Vehumet.
  1830 | D:3      | HP: 2/40 [gnoll/+0 halberd (11)]
  1833 | D:3      | Reached skill level 5 in Axes
  2341 | D:4      | Noticed an ogre
  2350 | D:4      | Killed an ogre
  2350 | D:4      | Reached XP level 5. HP: 36/47 MP: 4/4
  2659 | D:4      | Found Edghusu's Food Shop.
  2678 | D:4      | Reached XP level 6. HP: 5/53 MP: 5/5
  2678 | D:4      | HP: 2/53 [orc priest/+1 hand axe of chopping (1)]
  2681 | D:4      | Killed from afar by an orc priest

Skill      XL: |  1  2  3  4 |
---------------+-------------+-----
Axes           | 4 5 |  5.8
Fighting       | 4 |  4.8
Armour         | 3 4 |  4.6
Dodging        | 3 |  3.5

Action                   |  1- 3 |  4- 6 || total
-------------------------+-------+-------++-------
Melee: Hand axe          |    84 |    42 ||   126
       Headbutt          |    10 |    11 ||    21
       War axe           |       |    11 ||    11
Invok: Trog's Hand       |       |     2 ||     2
  Use: Scroll            |       |     8 ||     8
  Eat: Chunk             |     2 |     1 ||     3
       Ration            |       |     2 ||     2
Armor: Animal skin       |    17 |       ||    17
       Scale mail        |       |    15 ||    15
Dodge: Dodged            |    71 |    38 ||   109
